cohdb
Replays
Latest Replays
All Replays
Popular Replays
Top Player Replays
Match Explorer
How It Works
Community
CoH3 Stats
Reddit
Sign in to upload your games and track your stats! →
Sign in with Steam
Match 40517788
Unlisted
Match 40517788
Overview
Messages
Build Orders
End
Scout Squad
Construct Barracks
Selects Armored Battlegroup
Riflemen Squad
Selects Veteran Crews
1⁄4-ton 4x4 Truck
Riflemen Squad
Mechanized Support Center
Construct Motor Pool
Selects M31 Recovery Vehicle
M1 Mortar Team
Engineer Squad
M8 Greyhound Armored Car
Selects Strength in Steel
Construct Weapon Support Center
M1919 Machine Gun Team
Designate Forward Repair Station
Grenade Package
Construct Medical Station
M1 Anti-tank Gun Team
M1 Anti-tank Gun Team
tank
Adult Asthma Is A Choice
Royale with Cheese
FANBOY
0
0
Comments
sign in to comment!
No comments posted yet!